 Dungeon Crawl Stone Soup version 0.18-a0-987-g0b0e4e7 (webtiles) character file.

334 urechis the Cruncher (level 6, -2/50 HPs)
             Began as a Minotaur Gladiator on Jan 3, 2016.
             Slain by an orc
             ... wielding a +0 flail
              (8 damage)
             ... on level 4 of the Dungeon.
             The game lasted 00:02:48 (2171 turns).

urechis the Cruncher (Minotaur Gladiator)           Turns: 2171, Time: 00:02:48

Health: -2/50      AC:  3    Str: 20    XL:     6   Next: 27%
Magic:  5/5        EV: 12    Int:  5    God:
Gold:   112        SH:  0    Dex: 12    Spells: 0 memorised, 5 levels left

rFire  . . .     SeeInvis .     a - +0 quarterstaff
rCold  . . .     Gourm    .     b - +0 leather armour
rNeg   . . .     Faith    .     (shield currently unavailable)
rPois  .         Spirit   .     c - +0 hat
rElec  .         Dismiss  .     (no cloak)
rCorr  .         Reflect  .     (no gloves)
SustAt .         Harm     .     (no boots)
MR     .....                    (no amulet)
Stlth  +.........               (no ring)
                                (no ring)

@: not resistant to hostile enchantments, very unstealthy
A: retaliatory headbutt, horns 2
a: no special abilities


You were on level 4 of the Dungeon.
You were very hungry.

You visited 1 branch of the dungeon, and saw 3 of its levels.

You collected 112 gold pieces.

Inventory:

Hand Weapons
 a - a +0 quarterstaff (weapon)
Missiles
 d - 5 throwing nets (quivered)
Armour
 b - a +0 leather armour (worn)
 c - a +0 hat (worn)
Scrolls
 e - 3 scrolls of remove curse {unknown}
 k - a scroll of enchant weapon {unknown}
 m - a scroll of noise {unknown}
 n - a scroll of amnesia {unknown}
Potions
 g - a potion of lignification {unknown}
 h - a potion of haste
 i - a potion of flight {unknown}
 j - a potion of curing {unknown}
Comestibles
 f - 2 bread rations
 l - a slice of pizza


   Skills:
 - Level 2.4 Fighting
 + Level 8.5 Staves
 - Level 2.0 Throwing
 - Level 3.2 Dodging


You had 5 spell levels left.
You didn't know any spells.

Dungeon Overview and Level Annotations

Branches:
Dungeon (2/15)

Altars:
Pakellas
Ru
Xom


Innate Abilities, Weirdness & Mutations

You reflexively headbutt those who attack you in melee.
You have a pair of horns on your head.


Message History

You are too injured to fight recklessly!
You are too injured to fight recklessly!
You are too injured to fight recklessly!
You are too injured to fight recklessly!
You hit the orc.
You kill the orc!
The orc wizard gestures at you while chanting.
The magic dart hits you!
* * * LOW HITPOINT WARNING * * *
The orc misses you. The orc hits you with a flail.
* * * LOW HITPOINT WARNING * * *
The orc barely misses you.
You are too injured to fight recklessly!
You are too injured to fight recklessly!
You are too injured to fight recklessly!
You are too injured to fight recklessly!
You closely miss the orc. Your headbutt misses the orc.
The orc wizard hits you but does no damage.
The orc hits you but does no damage. The orc hits you with a flail!
You die...

...............
...............
...............
...............
...............
#.............
#...$o)o......
#.o@o[.....
#.[(.######
##....# #....##
#....#
#....######
##....#....#
#..........#
...
#..........#


You could see an orc wizard and 3 orcs.

Vanquished Creatures
  Sigmund (D:2)
  3 orc wizards (D:4)
  4 adders
  An ooze (D:2)
  2 worms (D:2)
  6 orcs (D:4)
  2 ball pythons (D:1)
  3 bats
  3 giant cockroaches
  5 hobgoblins
  4 kobolds
  A quokka (D:2)
  A giant newt (D:2)
  7 goblins
  4 rats
47 creatures vanquished.

Notes
Turn   | Place    | Note
--------------------------------------------------------------
     0 | D:1      | urechis the Minotaur Gladiator began the quest for the Orb.
     0 | D:1      | Reached XP level 1. HP: 18/18 MP: 0/0
   214 | D:1      | Reached skill level 4 in Staves
   434 | D:1      | Reached XP level 2. HP: 25/25 MP: 1/1
   639 | D:2      | Found a shimmering altar of Xom.
   639 | D:2      | Found a shimmering altar of Xom.
   640 | D:2      | Found a shimmering altar of Xom.
   640 | D:2      | Found a shimmering altar of Xom.
   705 | D:2      | Reached skill level 5 in Staves
   889 | D:2      | Reached XP level 3. HP: 30/30 MP: 2/2
   890 | D:2      | Noticed Sigmund
   902 | D:2      | Killed Sigmund
   902 | D:2      | Reached skill level 7 in Staves
   902 | D:2      | Reached XP level 4. HP: 12/37 MP: 3/3
   902 | D:2      | Reached XP level 5. HP: 13/42 MP: 4/4
  1707 | D:2      | Found a sacrificial altar of Ru.
  1708 | D:2      | Found an oddly glowing altar of Pakellas.
  1813 | D:2      | Found a shimmering altar of Xom.
  1815 | D:2      | Found a shimmering altar of Xom.
  1815 | D:2      | You fall through a shaft for 2 floors!
  1830 | D:4      | Reached skill level 8 in Staves
  1834 | D:4      | Reached XP level 6. HP: 5/50 MP: 5/5
  2171 | D:4      | Slain by an orc

Vault maps used:
D:1:      dpeg_arrival_central, corexii_leaking_fountain, st_stairs_3
D:2:      xom_redecorated, gammafunk_temple_overflow_statue, first_bread,
          uniq_sigmund
D:4:      portal_sewer_entry_d, serial_shops, shop

Action                   |  1- 3 |  4- 6 || total
-------------------------+-------+-------++-------
Melee: Quarterstaff      |    52 |    68 ||   120
  Use: Potion            |       |     1 ||     1
  Eat: Chunk             |       |     3 ||     3
